 Dungeon Crawl Stone Soup version 0.22.1-2-g9c5b331 (webtiles) character file.

16 astharok the Digger (level 2, 0/15 HPs)
             Began as a Gargoyle Earth Elementalist on Nov 25, 2018.
             Slain by a leopard gecko (2 damage)
             ... on level 1 of the Dungeon on Dec 6, 2018.
             The game lasted 00:16:55 (471 turns).

astharok the Digger (Gargoyle Earth Elementalist)    Turns: 471, Time: 00:16:56

Health: 0/15       AC:  4    Str: 11    XL:     2   Next: 58%
Magic:  2/5        EV: 12    Int: 15    God:
Gold:   30         SH:  0    Dex: 10    Spells: 2/5 levels left

rFire    . . .     SeeInvis .   f - +0 mace
rCold    . . .     Gourm    .   (no shield)
rNeg     + . .     Faith    .   c - +0 robe
rPois    ∞         Spirit   .   (no helmet)
rElec    +         Reflect  .   (no cloak)
rCorr    .         Harm     .   (no gloves)
MR       .....                  (no boots)
Stlth    ++........             (no amulet)
HPRegen  0.05/turn              (no ring)
MPRegen  0.09/turn              (no ring)

@: no status effects
A: negative energy resistance 1, electricity resistance, unbreathing,
petrification resistance, rot immunity, AC +2
a: no special abilities


You were on level 1 of the Dungeon.
You were not hungry.

You visited 1 branch of the dungeon, and saw 1 of its levels.

You collected 30 gold pieces.

Inventory:

Hand Weapons
 e - a +0 dagger of pain
 f - a +0 mace (weapon)
Missiles
 b - 12 stones (quivered)
Armour
 c - a +0 robe (worn)
Potions
 a - a potion of haste {unknown}
Comestibles
 d - 3 rations


   Skills:
 + Level 1.7 Dodging
 - Level 2.3 Stealth
 + Level 2.2 Spellcasting
 + Level 0.9 Transmutations
 + Level 4.1 Earth Magic


You had 2 spell levels left.
You knew the following spells:

 Your Spells              Type           Power        Failure   Level  Hunger
a - Sandblast             Erth           ##....       4%          1    #......
b - Passwall              Tmut/Erth      #.......     12%         2    ###....

Your spell library contained the following spells:

 Spells                   Type           Power        Failure   Level  Hunger
 Stone Arrow              Conj/Erth      #.....       28%         3    ###....
 Petrify                  Tmut/Erth      #.......     58%         4    #####..
 Lee's Rapid Deconstruct  Erth           ##........   73%         5    ######.


Dungeon Overview and Level Annotations

Branches:
Dungeon (1/15)

Altars:


Innate Abilities, Weirdness & Mutations

You are resistant to torment.
Your stone body is resilient. (AC +2)
You are immune to poison.
You resist negative energy. (rN+)
You are resistant to electric shocks. (rElec)
You can survive without breathing.
You are immune to petrification.
You are immune to rotting.


Message History

Aim: a leopard gecko (clinging)
The blast of sand misses the leopard gecko.
The blast of sand misses the giant cockroach.
b - 13 stones The leopard gecko bites you. x2
You closely miss the leopard gecko. The leopard gecko bites you.
You closely miss the leopard gecko. The leopard gecko barely misses you.
The leopard gecko bites you.
* * * LOW HITPOINT WARNING * * *
Casting: Sandblast (safe; 4% risk of failure)
Confirm with . or Enter, or press ? or * to list all spells.
Aiming: Sandblast (safe; 4% risk of failure)
Press: ? - help, Shift-Dir - straight line, f/p - leopard gecko
Aim: a leopard gecko (clinging)
The blast of sand misses the leopard gecko.
The blast of sand hits the giant cockroach.
You kill the giant cockroach!
b - 12 stones The leopard gecko bites you.
You die...

#..###.#####.#.#.####.#
#.....................#
#............#####..###
#....#######.# #..#
#..#.........# #..##
##...#######.# #...#
##.## #.#####...# #.
#.†.......# #.
###.#@##..# ...#l##
#.###..# #. ##.# .
#.....# .. #..##.# ..
..!# # .#... .##...


You could see a leopard gecko.

Vanquished Creatures
  2 dart slugs (D:1)
  A leopard gecko (D:1)
  2 giant cockroaches (D:1)
  A goblin (D:1)
  A hobgoblin (D:1)
  A kobold (D:1)
  A bat (D:1)
  2 frilled lizards (D:1)
11 creatures vanquished.

Notes
Turn   | Place    | Note
-------+----------+-------------------------------------------
     0 | D:1      | astharok the Gargoyle Earth Elementalist began the quest
                  | for the Orb.
     0 | D:1      | Reached XP level 1. HP: 10/10 MP: 3/3
   111 | D:1      | Reached skill level 4 in Earth Magic
   111 | D:1      | Reached XP level 2. HP: 4/15 MP: 0/5
   315 | D:1      | Learned a level 2 spell: Passwall
   471 | D:1      | Slain by a leopard gecko

Skill      XL: |  1 |
---------------+----+-----
Earth Magic    | 4 |  4.1
Dodging        | |  1.7
Stealth        | |  2.3
Spellcasting   | |  2.2
Transmutations | |  0.9

Action                   || total
-------------------------++-------
Melee: Mace              ||    10
 Cast: Sandblast         ||    18
Armor: Robe              ||    11
Dodge: Dodged            ||    21
